[Event "Team 45 45 League T60"]
[Site "Internet Chess Club"]
[Date "2014.03.30"]
[Round "5"]
[White "smsxman"]
[Black "rkaebi"]
[Result "0-1"]
[WhiteElo "1313"]
[BlackElo "1390"]
[Opening "French defense"]
[ECO "C00"]
[Time "10:00:28"]
[TimeControl "2700+45"]

1. e4 e6 2. Nf3 d5 3. exd5 exd5 4. d4 Nf6 5. Nc3 Bd6 6. Bg5 c6 7. Be2 O-O 8. O-O
Nbd7 9. a3 Qc7 10. Bh4 Ne4 11. Bd3 f5 12. Ne2 Ndf6 13. Bxf6 Rxf6 14. c3 Rh6 15.
g3 Be6 16. Bxe4 fxe4 17. Nh4 Rxh4 18. gxh4 Bxh2+ 19. Kh1 Bg4 20. f4 exf3 21. Ng1
Qg3 22. Nxf3 Bh3 23. Qe2 Bxf1 24. Rxf1 Rf8 25. Nxh2 Rxf1+ 26. Qxf1 Qxh4 27. Qe2
Kf7 28. Qf3+ Kg8 29. Kg1 Qe1+ 30. Nf1 Qc1 31. Qe2 Kf7 32. Kg2 Qg5+ 33. Kf2 b5
34. Ke1 Qc1+ 35. Kf2 Qg5 36. Ne3 g6 37. Qf3+ Kg7 38. Ke2 a5 39. Kd2 h5 40. Qh3
Qf6 41. Qg3 Kh6 42. b4 axb4 43. axb4 Qe6 44. Ng2 Qf6 45. Ne3 Qe6 46. Ng2 Qf6 47.
Nh4 g5 48. Nf3 g4 49. Ne5 Kg5 50. Qe3+ Qf4 51. Nf7+ Kf5 52. Nh6+ Kg5 53. Nf7+
Kf5 54. Nh6+ Kg5 55. Nf7+ Kf5 56. Nh6+ Kg5 57. Nf7+ Kf5 58. Ke2 Qxe3+ 59. Kxe3
h4 60. Ne5 h3 61. Kf2 Kf4 62. Ng6+ Kg5 63. Ne5 Kf4 64. Nd3+ Ke4 65. Ne1 Kf4 66.
Nd3+ Ke4 67. Nc5+ Kf4 68. Ne6+ Ke4 69. Nc5+ Kf4 70. Nd3+ Ke4 71. Nc1 Kf4 72.
Ne2+ Ke4 73. Nc1 Kf4 74. Ne2+ Ke4 75. Nc1 Kf4 76. Nd3+ Ke4 77. Ne5 Kf4 78. Nxc6
g3+ 79. Kg1 g2 80. Ne5 Kg3 81. Nf3 Kxf3 82. Kh2 Kf2 {White resigns} 0-1

[Event "Team 45 45 League T60"]
[Site "Internet Chess Club"]
[Date "2014.03.28"]
[Round "5"]
[White "TerryMalloy"]
[Black "Pomberito"]
[Result "1/2-1/2"]
[WhiteElo "1967"]
[BlackElo "2140"]
[Opening "Blackmar-Diemer gambit"]
[ECO "D00"]
[Time "18:04:40"]
[TimeControl "2700+45"]

1. d4 Nf6 2. Nc3 d5 3. e4 dxe4 4. f3 e3 5. Bc4 Bf5 6. Bxe3 e6 7. Qd2 c6 8. Nge2
Nbd7 9. g4 Bg6 10. O-O-O Qa5 11. h4 h6 12. g5 hxg5 13. hxg5 Rxh1 14. Rxh1 Nd5
15. Kb1 Nxe3 16. Qxe3 O-O-O 17. Nf4 Bf5 18. g6 fxg6 19. Bxe6 Bd6 20. d5 Qb6 21.
Qxb6 axb6 22. Bxf5 gxf5 23. dxc6 bxc6 24. Ne6 Rg8 25. Nd4 Kc7 26. Nxf5 Rf8 27.
Nxd6 Kxd6 28. Ne4+ Kc7 29. Nd2 Ne5 30. Rh3 g5 31. Rg3 Rh8 32. c3 Rh2 33. Ne4 Nc4
34. Rxg5 Rxb2+ 35. Ka1 Re2 36. Rg7+ Kb8 37. Rg1 Re3 38. Rf1 Ne5 {Game drawn by
mutual agreement} 1/2-1/2

[Event "Team 45 45 League T60"]
[Site "Internet Chess Club"]
[Date "2014.03.30"]
[Round "5"]
[White "Ianjo"]
[Black "SaltofLife"]
[Result "1-0"]
[WhiteElo "1906"]
[BlackElo "1877"]
[Opening "Ruy Lopez: closed (10...c5)"]
[ECO "C96"]
[Time "15:00:46"]
[TimeControl "2700+45"]

1. e4 e5 2. Nf3 Nc6 3. Bb5 a6 4. Ba4 Nf6 5. O-O Be7 6. Re1 b5 7. Bb3 d6 8. c3
O-O 9. h3 Na5 10. Bc2 c5 11. d3 Qc7 12. Nbd2 Re8 13. Nf1 Be6 14. Ng5 Bd7 15. f4
Bf8 16. Ng3 h6 17. Nf3 Nc6 18. a4 b4 19. c4 Qd8 20. b3 a5 21. Rf1 Kh7 22. Bd2 g6
23. Qe1 Bg7 24. Ra2 Qe7 25. Bb1 Rf8 26. Bc1 Rae8 27. Raf2 Bc8 28. f5 Nd4 29.
Nxd4 exd4 30. Bc2 d5 31. e5 Qxe5 32. Qxe5 Rxe5 33. Bf4 Re3 34. fxg6+ Kxg6 35.
Kh2 Be6 36. Bxe3 dxe3 37. Rxf6+ Bxf6 38. cxd5 Bxd5 39. d4+ Kg7 40. Nh5+ Kh8 41.
Nxf6 Rd8 42. dxc5 Bb7 43. Re1 Rd2 44. Be4 Bxe4 45. Nxe4 Rd3 46. c6 {Black
resigns} 1-0

[Event "Team 45 45 League T60"]
[Site "Internet Chess Club"]
[Date "2014.03.29"]
[Round "5"]
[White "fledermaus"]
[Black "LuxAeterna"]
[Result "0-1"]
[WhiteElo "1903"]
[BlackElo "2096"]
[Opening "QGD semi-Slav"]
[ECO "D43"]
[Time "12:02:34"]
[TimeControl "2700+45"]

1. d4 Nf6 2. c4 c6 3. Nc3 d5 4. Nf3 e6 5. Bg5 h6 6. Bh4 dxc4 7. e4 g5 8. Bg3 b5
9. Be2 Bb7 10. h4 g4 11. Ne5 h5 12. O-O Nbd7 13. Qc2 Bg7 14. Rad1 Nxe5 15. Bxe5
Qe7 16. f3 O-O-O 17. fxg4 hxg4 18. g3 Rhg8 19. Bxf6 Bxf6 20. e5 Bxh4 21. Ne4 Bg5
22. Nc5 Be3+ 23. Kg2 Bxd4 24. Nxb7 Qxb7 25. Qe4 c5 26. Qxb7+ Kxb7 27. Rxf7+ Kb6
28. Re7 Rg6 29. Rf1 Bxe5 30. Rff7 Rd2 31. Kf1 Rxb2 32. Rb7+ Ka5 33. a3 Rf6+ 34.
Rxf6 Bxf6 35. Rxa7+ Kb6 36. Rf7 Bd4 37. Bxg4 Rb1+ 38. Ke2 c3 39. Kd3 c4+ 40.
Kxd4 c2 41. Bf3 c1=Q 42. Rb7+ Ka6 43. Kc5 Qxa3+ {White resigns} 0-1

[Event "Team 45 45 League T60"]
[Site "Internet Chess Club"]
[Date "2014.03.30"]
[Round "5"]
[White "gump12345"]
[Black "kyoroogi"]
[Result "1/2-1/2"]
[WhiteElo "1985"]
[BlackElo "2217"]
[Opening "French: Tarrasch"]
[ECO "C03"]
[Time "22:02:06"]
[TimeControl "2700+45"]

1. e4 e6 2. d4 d5 3. Nd2 Be7 4. Ngf3 Nf6 5. e5 Nfd7 6. c3 c5 7. Bd3 Nc6 8. O-O
g5 9. dxc5 Ndxe5 10. Nxe5 Nxe5 11. Nf3 Nxd3 12. Qxd3 Bd7 13. Be3 h6 14. Rfd1 O-O
15. c4 Bc6 16. Ne5 dxc4 17. Qxc4 Bd5 18. Qg4 f5 19. Qh5 Bf6 20. Bd4 Bg7 21. Rac1
Qe8 22. Qxe8 Rfxe8 23. b3 a5 24. Nd7 Bc6 25. Bxg7 Kxg7 26. Nb6 Rad8 27. f3 Kf6
28. Kf2 h5 29. Nc4 Rxd1 30. Rxd1 a4 31. Nd6 Ra8 32. b4 a3 33. Ke3 f4+ 34. Kd4 g4
35. Ne4+ Kf5 36. Nd6+ Kf6 37. Ne4+ {Game drawn by mutual agreement} 1/2-1/2

[Event "Team 45 45 League T60"]
[Site "Internet Chess Club"]
[Date "2014.04.01"]
[Round "5"]
[White "laurenpar"]
[Black "alexping"]
[Result "1/2-1/2"]
[WhiteElo "1922"]
[BlackElo "1863"]
[Opening "English opening"]
[ECO "A05"]
[Time "08:25:28"]
[TimeControl "2700+45"]

1. Nf3 Nf6 2. c4 c6 3. g3 d5 4. Bg2 dxc4 5. Qc2 Nbd7 6. Na3 Nb6 7. Nxc4 Nxc4 8.
Qxc4 Be6 9. Qa4 Bd5 10. O-O Bxf3 11. Bxf3 e6 12. d3 Be7 13. b4 a6 14. Bd2 O-O
15. Qb3 Qd7 16. Rab1 Nd5 17. a4 Rfc8 18. Rfc1 Nc7 19. Rc4 Bd6 20. Bc3 e5 21. Bg4
f5 22. Rf4+ Qe6 23. Rxf5 Qxb3 24. Rxb3 Re8 25. e4 g6 26. Rf3 Rad8 27. Re3 h5 28.
Bh3 Bf8 29. Bf1 Bg7 30. f4 exf4 31. Rf3 fxg3 32. Rxg3 Bxc3 33. Rxc3 Kh7 34. Rc2
Rd4 35. Rf3 Kg7 36. Rb2 Re5 37. Kf2 Ne6 38. Ke3 Rd8 39. h4 Nd4 40. Rf4 Ne6 41.
Rf3 Nd4 42. Rf4 Re7 43. Bh3 Rd6 44. Rbf2 Rd8 45. Kd2 Rc7 46. e5 Re7 47. e6 Nxe6
48. Bxe6 Rxe6 49. Rf7+ Kg8 50. Rxb7 Red6 51. Rf3 a5 52. bxa5 Ra8 53. Re3 Kf8 54.
Re5 Rad8 55. Rb3 Rd4 56. Re6 Rxh4 57. Rxc6 Rxa4 58. a6 g5 59. Rh6 Kg7 60. Rxh5
Kg6 61. Rh3 Rxa6 {Game drawn by mutual agreement} 1/2-1/2

[Event "Team 45 45 League T60"]
[Site "Internet Chess Club"]
[Date "2014.04.01"]
[Round "5"]
[White "bobhill"]
[Black "arhrid"]
[Result "1-0"]
[WhiteElo "1949"]
[BlackElo "1781"]
[Opening "King's Indian: Torre attack"]
[ECO "A48"]
[Time "22:10:40"]
[TimeControl "2700+45"]

1. d4 Nf6 2. Nf3 g6 3. Bg5 Bg7 4. Nbd2 O-O 5. e4 d6 6. c3 Nbd7 7. Qc2 h6 8. Bh4
e5 9. dxe5 Nxe5 10. Nxe5 dxe5 11. O-O-O Qe7 12. Bc4 Be6 13. Kb1 a6 14. f4 Bg4
15. Rde1 b5 16. Bd5 Rab8 17. h3 Bd7 18. fxe5 Qxe5 19. Nf3 Qe8 20. g4 Nxd5 21.
exd5 Qc8 22. Ne5 b4 23. c4 Re8 24. Bg3 a5 25. Qf2 f5 26. Rhf1 b3 27. a3 Kh7 28.
Nxd7 Qxd7 29. gxf5 Rxe1+ 30. Rxe1 gxf5 31. Re6 Rf8 32. Qe3 f4 33. Bxf4 Qf7 34.
Qd3+ Kg8 35. Bc1 Qf2 36. Qxb3 Qg1 37. Qe3 Qf1 38. Re4 Kh7 39. Rg4 Rb8 40. Ka2
Qf6 41. Qd2 a4 42. Qc2+ Kh8 43. Rg2 Rb3 44. Re2 Rxa3+ 45. Kxa3 Qd6+ 46. Ka2 Qf8
47. Qxa4 Kh7 48. Re8 Qf5 49. Qb3 Qg6 50. Ra8 Qe4 51. Ra3 Kh8 52. Qb8+ Kh7 53.
Qxc7 Qc2 54. Ra7 Qg2 55. Bd2 Qg6 56. Bc3 Qg1 57. Bxg7 Kg6 58. Ra6+ Kh5 59. Rxh6+
Kg5 60. Qe5# {Black checkmated} 1-0

[Event "Team 45 45 League T60"]
[Site "Internet Chess Club"]
[Date "2014.03.29"]
[Round "5"]
[White "frank001"]
[Black "MBAStudent"]
[Result "1-0"]
[WhiteElo "1816"]
[BlackElo "1748"]
[Opening "Benkö gambit"]
[ECO "A57"]
[Time "11:03:17"]
[TimeControl "2700+45"]

1. d4 Nf6 2. c4 c5 3. d5 b5 4. Qc2 d6 5. e4 b4 6. f4 e6 7. Nf3 Be7 8. e5 Ng4 9.
g3 O-O 10. h3 Nh6 11. Bd3 g6 12. O-O exd5 13. cxd5 Bxh3 14. Re1 dxe5 15. fxe5
Ng4 16. d6 Bxd6 17. exd6 Qxd6 18. Bf4 Qd7 19. Be4 Nc6 20. Qxc5 Rac8 21. Nbd2
Rfd8 22. Rac1 Nd4 23. Qxd4 Rxc1 24. Rxc1 Qxd4+ 25. Nxd4 Rxd4 26. Bf3 Nf6 27. Nb3
Rd3 28. Be2 Rd8 29. Bg5 Kg7 30. Rc6 Be6 31. Ra6 Re8 32. Bb5 Rd8 33. Bxf6+ Kxf6
34. Kf2 Ke5 35. Ke3 Rd1 36. Rxa7 Rb1 37. Nc5 Kd6 38. Nd3 Ra1 39. Ra6+ Ke7 40. b3
Rb1 41. Nxb4 Bxb3 42. Nc6+ Kf8 43. axb3 Rxb3+ 44. Bd3 h5 45. Ne5 Rb7 46. Bc4
{Black resigns} 1-0

[Event "Team 45 45 League T60"]
[Site "Internet Chess Club"]
[Date "2014.04.03"]
[Round "5"]
[White "kidcobra"]
[Black "OneDirection"]
[Result "1-0"]
[WhiteElo "1857"]
[BlackElo "1533"]
[Opening "Evans gambit declined"]
[ECO "C51"]
[Time "17:03:55"]
[TimeControl "2700+45"]

1. e4 e5 2. Nf3 Nc6 3. Bc4 Bc5 4. b4 Bb6 5. b5 Na5 6. Nxe5 Nxc4 7. Nxc4 Qg5 8.
O-O Qxb5 9. Qe2 a6 10. Nba3 Qc5 11. Bb2 f6 12. e5 fxe5 13. Nxe5 Ne7 14. Nd3 Qg5
15. Rae1 Rf8 16. Kh1 Rf7 17. Ne5 Rf5 18. Nf3 Rxf3 19. Qxf3 d6 20. Nc4 Ba7 21.
Qg3 Qxg3 22. fxg3 Bg4 23. Bxg7 b5 24. Rf8+ Kd7 25. Rxa8 Bf2 26. Rf1 {Black
forfeits on time} 1-0

[Event "Team 45 45 League T60"]
[Site "Internet Chess Club"]
[Date "2014.03.30"]
[Round "5"]
[White "Andressa"]
[Black "John3v16"]
[Result "0-1"]
[WhiteElo "1453"]
[BlackElo "1644"]
[Opening "Sicilian defense"]
[ECO "B30"]
[Time "08:08:21"]
[TimeControl "2700+45"]

1. e4 c5 2. Nf3 Nc6 3. Nc3 a6 4. a3 Nf6 5. d3 d5 6. exd5 Nxd5 7. d4 cxd4 8. Nxd4
Nxc3 9. bxc3 Qc7 10. Bb2 e5 11. Nxc6 Qxc6 12. c4 Bd6 13. Qd5 Bd7 14. Rd1 Bc5 15.
Bxe5 f6 16. Bd6 Bxd6 17. Qxd6 Qe4+ 18. Be2 O-O-O 19. Qg3 Qxc2 20. Qxg7 Rhe8 21.
Rd2 Qc1+ 22. Rd1 Qxc4 23. Rd2 Rxe2+ 24. Rxe2 Qc1# {White checkmated} 0-1

[Event "Team 45 45 League T60"]
[Site "Internet Chess Club"]
[Date "2014.03.27"]
[Round "5"]
[White "semperfi"]
[Black "dabodhi"]
[Result "0-1"]
[WhiteElo "1364"]
[BlackElo "1415"]
[Opening "Queen's pawn game"]
[ECO "D04"]
[Time "20:00:35"]
[TimeControl "2700+45"]

1. d4 Nf6 2. Nf3 d5 3. e3 Bg4 4. Nbd2 Qd6 5. Bd3 Nbd7 6. c3 e5 7. dxe5 Nxe5 8.
Be2 Rd8 9. Nxe5 Bxe2 10. Qxe2 Qxe5 11. Qb5+ Rd7 12. Qxb7 Bd6 13. Qxa7 O-O 14.
Qd4 Qf5 15. Nf3 Re7 16. O-O Re4 17. Qd3 Qh5 18. Rd1 Ng4 19. g3 Nf6 20. Qe2 Rfe8
21. Rd4 R8e5 22. Rxe4 Nxe4 23. a4 Rf5 24. Kg2 Ng5 25. Nd4 Qh3+ 26. Kh1 Bxg3 27.
f4 Ne4 28. Qg2 Nf2+ 29. Kg1 Bxh2+ 30. Qxh2 Qg4+ 31. Qg2 Nh3+ 32. Kf1 Qd1# {White
checkmated} 0-1

[Event "Team 45 45 League T60"]
[Site "Internet Chess Club"]
[Date "2014.03.30"]
[Round "5"]
[White "zugknightly"]
[Black "backrankbrawler"]
[Result "0-1"]
[WhiteElo "1846"]
[BlackElo "1816"]
[Opening "QGD: 4.Bg5 Be7"]
[ECO "D53"]
[Time "21:06:15"]
[TimeControl "2700+45"]

1. d4 d5 2. c4 e6 3. Nc3 Nf6 4. Bg5 Be7 5. cxd5 Nxd5 6. Bxe7 Qxe7 7. e4 Nxc3 8.
bxc3 O-O 9. Nf3 c5 10. Qd2 cxd4 11. cxd4 b6 12. Bc4 Bb7 13. Bd3 Nd7 14. O-O Rfd8
15. Qe3 h6 16. Nd2 Nf6 17. f3 Qb4 18. Nb3 Rac8 19. Rac1 Qa3 20. Bb1 a5 21. Qf4
a4 22. Rxc8 Rxc8 23. Nc1 Ba6 24. Re1 Qb4 {White resigns} 0-1

[Event "Team 45 45 League T60"]
[Site "Internet Chess Club"]
[Date "2014.03.30"]
[Round "5"]
[White "amicusUK"]
[Black "rayonline53"]
[Result "1-0"]
[WhiteElo "1672"]
[BlackElo "1499"]
[Opening "King's Indian: Smyslov system"]
[ECO "A46"]
[Time "14:01:48"]
[TimeControl "2700+45"]

1. d4 Nf6 2. Nf3 d6 3. c4 g6 4. Bg5 Bg7 5. Nc3 O-O 6. e3 c6 7. Bd3 Nbd7 8. Qb3
Qb6 9. h3 Re8 10. O-O e5 11. dxe5 dxe5 12. e4 Qxb3 13. axb3 Nc5 14. Bc2 Nfd7 15.
Be3 b6 16. Rfd1 Ne6 17. b4 Rd8 18. b5 Bb7 19. Ba4 c5 20. Bc2 Nd4 21. Bd3 Nf8 22.
Ra3 a5 23. bxa6 Bxa6 24. Bxd4 exd4 25. Nd5 Nd7 26. Nc7 Bb7 27. Nxa8 Rxa8 28.
Rda1 Rxa3 29. Rxa3 Bc6 30. Ra7 Ne5 31. Nxe5 Bxe5 32. g3 Kg7 33. f4 Bb8 34. Ra1
f6 35. Kf2 g5 36. f5 Kh6 37. Kf3 Be5 38. Kg4 Bc7 39. Ra6 Bd8 40. Ra7 Be8 41. Kf3
Bc6 42. g4 {Black resigns} 1-0

[Event "Team 45 45 League T60"]
[Site "Internet Chess Club"]
[Date "2014.03.30"]
[Round "5"]
[White "Signalman"]
[Black "JeffH"]
[Result "1/2-1/2"]
[WhiteElo "1687"]
[BlackElo "1632"]
[Opening "King's Indian: London system"]
[ECO "A48"]
[Time "13:36:37"]
[TimeControl "2700+45"]

1. d4 Nf6 2. Nf3 g6 3. Bf4 Bg7 4. e3 O-O 5. Be2 d6 6. h3 c5 7. c3 Qb6 8. Qb3 Be6
9. Qxb6 axb6 10. a3 Nc6 11. Nbd2 Rfe8 12. O-O h6 13. Nc4 Nd5 14. Rfe1 Nxf4 15.
exf4 Bxc4 16. Bxc4 cxd4 17. cxd4 Bxd4 18. Nxd4 Nxd4 19. Rad1 Nc6 20. Rd5 Na7 21.
Bb5 Nxb5 22. Rxb5 Ra6 {Game drawn by mutual agreement} 1/2-1/2

[Event "Team 45 45 League T60"]
[Site "Internet Chess Club"]
[Date "2014.03.31"]
[Round "5"]
[White "stanbeers"]
[Black "werty"]
[Result "0-1"]
[WhiteElo "1501"]
[BlackElo "1544"]
[Opening "Queen's pawn game"]
[ECO "A46"]
[Time "14:01:41"]
[TimeControl "2700+45"]

1. Nf3 Nf6 2. d4 d6 3. c4 c5 4. Nc3 cxd4 5. Nxd4 g6 6. e4 Nc6 7. Be3 Nxd4 8.
Bxd4 Bg7 9. Be2 O-O 10. O-O Bd7 11. Rc1 Bc6 12. Bf3 a6 13. Nd5 Nxd5 14. Bxg7
Kxg7 15. exd5 Bd7 16. Re1 Re8 17. Qd4+ Kg8 18. h3 b5 19. c5 dxc5 20. Rxc5 Rc8
21. Rec1 Rxc5 22. Qxc5 Qc8 23. Qe3 Qb8 24. Qa3 Qb6 25. b4 e6 26. Qd3 Qd6 27. Qb3
exd5 28. Bxd5 Be6 29. Bxe6 Qxe6 30. Qa3 Qb6 31. Qf3 Qe6 32. a3 Qa2 33. Rd1 Qe6
34. Rc1 Kg7 35. Qc3+ Kg8 36. Qc6 Qxc6 37. Rxc6 Re6 38. Rc8+ Kg7 39. Kf1 f6 40.
Rc3 g5 41. g4 Kg6 42. Kg2 h5 43. Re3 Rd6 44. gxh5+ Kxh5 45. Kg3 Kg6 46. f4 gxf4+
47. Kxf4 f5 48. Rg3+ Kf6 49. Rc3 Rd4+ 50. Kf3 Rd6 51. h4 Kg6 52. h5+ Kxh5 53.
Kf4 Kg6 54. Ke5 Rf6 55. Rg3+ Kf7 56. Kd5 f4 57. Rf3 Kg6 58. Ke5 Kg5 59. Ke4 Kg4
60. Rf1 f3 61. Ke5 Rf8 62. Rg1+ Kh3 63. Ke4 f2 64. Rf1 Kg2 65. Rxf2+ Kxf2 {White
resigns} 0-1

[Event "Team 45 45 League T60"]
[Site "Internet Chess Club"]
[Date "2014.03.30"]
[Round "5"]
[White "Zyme"]
[Black "Electryon"]
[Result "1-0"]
[WhiteElo "1386"]
[BlackElo "1484"]
[Opening "Dutch defense, Rubinstein variation"]
[ECO "A40"]
[Time "21:01:02"]
[TimeControl "2700+45"]

1. d4 e6 2. c4 f5 3. Nc3 Nf6 4. Nf3 d5 5. Bg5 c6 6. e3 Bd6 7. Be2 O-O 8. O-O Qe8
9. Re1 Nbd7 10. a3 Ne4 11. Nxe4 fxe4 12. Nd2 Qg6 13. Bh4 Qf7 14. Rf1 b6 15. Bh5
g6 16. Bg4 Nf6 17. Rc1 Nxg4 18. Qxg4 e5 19. Qe2 exd4 20. exd4 Be6 21. Rc3 Qg7
22. Nb3 Qh6 23. Bg3 Bxg3 24. Rxg3 Kh8 25. c5 b5 26. f3 Bf5 27. Na5 exf3 28.
Rgxf3 Bd7 29. Qe7 Rxf3 30. Rxf3 Qg7 31. Rf7 Qxd4+ 32. Kf1 Qd1+ 33. Kf2 Qd2+ 34.
Kg3 Qd3+ 35. Rf3 Qd2 36. Rf8+ {Black resigns} 1-0

[Event "Team 45 45 League T60"]
[Site "Internet Chess Club"]
[Date "2014.03.30"]
[Round "5"]
[White "seattleblues"]
[Black "AlPearson"]
[Result "1-0"]
[WhiteElo "1469"]
[BlackElo "1370"]
[Opening "Queen's pawn: London system"]
[ECO "A45"]
[Time "19:48:29"]
[TimeControl "2700+45"]

1. d4 Nf6 2. Bf4 g6 3. e3 Bg7 4. Nf3 O-O 5. h3 d6 6. Be2 Nbd7 7. O-O c5 8. c3 b6
9. Nbd2 Bb7 10. Re1 Nd5 11. Bh2 Re8 12. Bc4 e5 13. Qb3 N7f6 14. e4 Bc8 15. exd5
Bxh3 16. gxh3 Nh5 17. dxe5 Bxe5 18. Nxe5 Qg5+ 19. Ng4 Qxd2 20. Rxe8+ Rxe8 21.
Qd1 Qxb2 22. Bxd6 Qxc3 23. Bb5 Re4 24. Bf1 f5 25. Rc1 Qa3 26. Ne3 Qb2 27. Rc2
Qf6 28. Bh2 Qg5+ 29. Bg2 Nf4 30. Bxf4 Rxf4 31. d6 Rd4 32. Rd2 f4 33. Rxd4 cxd4
34. Qb3+ Kf8 35. Ng4 h5 36. Bf3 hxg4 37. Bxg4 Qc5 38. d7 Ke7 39. Qe6+ Kd8 40.
Qe8+ Kc7 41. d8=Q+ Kb7 42. Qa8+ Ka6 43. Qa4+ Qa5 44. Qc8# {Black checkmated} 1-0

[Event "Team 45 45 League T60"]
[Site "Internet Chess Club"]
[Date "2014.03.29"]
[Round "5"]
[White "conrad9"]
[Black "ChessMaine"]
[Result "1/2-1/2"]
[WhiteElo "1387"]
[BlackElo "1518"]
[Opening "French: Fort Knox variation"]
[ECO "C03"]
[Time "05:00:36"]
[TimeControl "2700+45"]

1. e4 e6 2. d4 d5 3. Nd2 dxe4 4. Nxe4 Bd7 5. Nf3 Bc6 6. Bd3 Nd7 7. O-O Ngf6 8.
Bg5 Bxe4 9. Bxe4 c6 10. Qd2 Be7 11. Bd3 O-O 12. Rfe1 Nd5 13. c4 Bxg5 14. Nxg5
N5f6 15. Re3 Re8 16. Rh3 h6 17. Ne4 Nxe4 18. Bxe4 Nf6 19. Bc2 e5 20. Rh4 Qd7 21.
Rd1 Rad8 22. f3 exd4 23. Rxd4 Qxd4+ 24. Qxd4 Re1+ 25. Kf2 Rxd4 26. Rxd4 Re8 27.
Rd3 b6 28. Ba4 Rc8 29. Ke2 c5 30. Re3 Kf8 31. Kd3 Rd8+ 32. Kc2 Ne8 33. a3 Nc7
34. Bc6 Ne6 35. Kc3 Nd4 36. Bd5 Nf5 37. Re5 Nd4 38. b4 Rb8 39. a4 Rd8 40. a5 Rc8
41. Re4 Nc6 42. axb6 axb6 43. bxc5 bxc5 44. Rf4 Rc7 45. Kd3 Nb4+ 46. Kc3 Rd7 47.
Be4 g6 48. Rf6 Ke7 49. Rb6 f5 50. Bb1 Rd6 51. Rb7+ Rd7 52. Rb6 Rd6 53. Rb7+ Rd7
54. Rb6 Rd6 {Game drawn by repetition} 1/2-1/2

[Event "Team 45 45 League T60"]
[Site "Internet Chess Club"]
[Date "2014.03.30"]
[Round "5"]
[White "Conjurer"]
[Black "artspir"]
[Result "1-0"]
[WhiteElo "1195"]
[BlackElo "1247"]
[Opening "English: Caro-Kann defensive system"]
[ECO "A11"]
[Time "13:00:56"]
[TimeControl "2700+45"]

1. c4 c6 2. Nc3 d5 3. cxd5 cxd5 4. g3 Nf6 5. Bg2 d4 6. Ne4 e5 7. f4 Nc6 8. d3
Bb4+ 9. Bd2 Bxd2+ 10. Qxd2 O-O 11. Nf3 Qe7 12. O-O Be6 13. fxe5 Nxe4 14. dxe4
Rad8 15. a3 Bc4 16. Rac1 b5 17. b3 Nxe5 18. Nxe5 Qxe5 19. bxc4 d3 20. exd3 Qc5+
21. Kh1 Qxa3 22. Rc3 Qb4 23. c5 Qa5 24. d4 b4 25. Rc4 Qb5 26. Rxb4 Qa5 27. Qb2
Qc7 28. e5 Rb8 29. Rb7 Rxb7 30. Qxb7 Qa5 31. Bd5 h6 32. Rxf7 Qe1+ 33. Kg2 Qe2+
34. Kh3 Qh5+ 35. Kg2 Qe2+ 36. Kg1 Qe1+ 37. Rf1+ Rf7 38. Rxe1 {Black resigns} 1-0

[Event "Team 45 45 League T60"]
[Site "Internet Chess Club"]
[Date "2014.03.30"]
[Round "5"]
[White "dknight"]
[Black "rookmaster23"]
[Result "0-1"]
[WhiteElo "1281"]
[BlackElo "1602"]
[Opening "Sicilian: Alapin's variation (2.c3)"]
[ECO "B22"]
[Time "15:00:33"]
[TimeControl "2700+45"]

1. e4 c5 2. c3 d5 3. exd5 Qxd5 4. Nf3 Nc6 5. Bb5 Bd7 6. O-O Nf6 7. Re1 e6 8. Ba4
Be7 9. d4 cxd4 10. cxd4 O-O 11. Nc3 Qa5 12. Bb3 Bb4 13. Bd2 Rfe8 14. a3 Bxc3 15.
Bxc3 Qc7 16. Qd3 Na5 17. Bxa5 Qxa5 18. Bc2 Rac8 19. Ne5 Bb5 20. Qd1 Red8 21. Rc1
Bc6 22. Qd3 Qd5 23. Nxc6 Rxc6 24. Bd1 Rxc1 25. Qd2 Rcc8 26. Bf3 Qxd4 27. Qxd4
Rxd4 28. Bxb7 Rc7 29. Bf3 Rdc4 30. Kf1 Rc1 31. Bd1 Rd7 32. Ke2 Nd5 33. Kd2 Rdc7
34. h3 Rb1 35. Kd3 Nf4+ 36. Ke4 Rc4+ 37. Kf3 Nd3 38. Rf1 Nxb2 39. Ke2 Rxd1 40.
Rxd1 Nxd1 41. Kxd1 Ra4 42. Ke2 Rxa3 43. f3 Kf8 44. Kf2 Ke7 45. Kg3 a5 46. Kg4
Rc3 47. h4 a4 48. f4 a3 49. f5 exf5+ 50. Kxf5 a2 51. g4 a1=Q 52. h5 Rc5+ 53. Kf4
Qd4+ 54. Kg3 Rc3+ 55. Kh4 Qf2+ 56. Kg5 h6# {White checkmated} 0-1

[Event "Team 45 45 League T60"]
[Site "Internet Chess Club"]
[Date "2014.03.30"]
[Round "5"]
[White "sdcohle"]
[Black "Elton2013"]
[Result "1-0"]
[WhiteElo "1423"]
[BlackElo "1394"]
[Opening "Grünfeld: 5.e3"]
[ECO "D94"]
[Time "15:00:32"]
[TimeControl "2700+45"]

1. d4 Nf6 2. c4 g6 3. Nc3 d5 4. e3 Bg7 5. Nf3 O-O 6. cxd5 Nxd5 7. Be2 Nxc3 8.
bxc3 c5 9. O-O Nc6 10. Bb2 Qb6 11. Rb1 Qa5 12. Qb3 cxd4 13. cxd4 Nb4 14. a3 Be6
15. Qxb4 Qc7 16. Rfc1 Qd7 17. Rc3 b6 18. Rbc1 Bf6 19. h3 Rfd8 20. Bb5 Qd6 21.
Qxd6 Rxd6 22. Rc7 a6 23. Be2 b5 24. R1c6 Rdd8 25. Ne5 Kg7 26. Ng4 Bg5 27. f4
Bxg4 28. Bxg4 Bf6 29. Bf3 Rab8 30. Rxa6 b4 31. axb4 Rxb4 32. Ba3 Rb1+ 33. Kh2
Kf8 34. Raa7 Re8 35. Bc6 Reb8 36. Bxe7+ Bxe7 37. Rxe7 f5 38. Rxh7 Kg8 39. Bd5+
Kf8 40. Rh8# {Black checkmated} 1-0

[Event "Team 45 45 League T60"]
[Site "Internet Chess Club"]
[Date "2014.03.26"]
[Round "5"]
[White "sanjay2000"]
[Black "GideonL"]
[Result "1-0"]
[WhiteElo "1399"]
[BlackElo "1444"]
[Opening "French: advance, Milner-Barry gambit"]
[ECO "C02"]
[Time "18:50:01"]
[TimeControl "2700+45"]

1. e4 e6 2. d4 d5 3. e5 c5 4. c3 Qb6 5. Nf3 Nc6 6. Bd3 cxd4 7. cxd4 Bb4+ 8. Nc3
a6 9. a3 Bxc3+ 10. bxc3 Nge7 11. O-O O-O 12. Bxh7+ Kh8 13. Bc2 g6 14. Qd2 g5 15.
Qxg5 Ng6 16. Qh6+ Kg8 17. Ng5 {Black resigns} 1-0

[Event "Team 45 45 League T60"]
[Site "Internet Chess Club"]
[Date "2014.03.28"]
[Round "5"]
[White "fuzzface"]
[Black "chesschessboy"]
[Result "0-1"]
[WhiteElo "1346"]
[BlackElo "1409"]
[Opening "Four knights: Spanish variation"]
[ECO "C48"]
[Time "11:00:08"]
[TimeControl "2700+45"]

1. e4 e5 2. Nf3 Nc6 3. Bb5 Nf6 4. Nc3 d6 5. d3 Be7 6. h3 Be6 7. Ng5 Bd7 8. Bc4
O-O 9. Be3 a5 10. O-O Na7 11. f4 Be8 12. fxe5 dxe5 13. Nf3 b5 14. Bd5 c6 15.
Bxf7+ Bxf7 16. Nxe5 Qd6 17. Nxf7 Rxf7 18. d4 Qe6 19. e5 Nd5 20. Nxd5 Qxd5 21.
Rxf7 Qxf7 22. Qd3 b4 23. c4 bxc3 24. Qxc3 Qd5 25. a4 Bb4 26. Qd3 c5 27. Rd1 Rd8
28. Qa6 Nc6 29. Bg5 Rb8 30. b3 Nxd4 31. Rf1 Qxe5 32. Bf4 Ne2+ 33. Kh1 Nxf4 34.
Qc4+ Nd5 35. Qc1 Qc3 36. Qg5 Qxb3 37. Rf3 Qd1+ 38. Kh2 c4 39. Qg4 Bd6+ 40. g3
Rb2+ {White resigns} 0-1

[Event "Team 45 45 League T60"]
[Site "Internet Chess Club"]
[Date "2014.03.29"]
[Round "5"]
[White "Bible-Believer"]
[Black "rodeo"]
[Result "1-0"]
[WhiteElo "1566"]
[BlackElo "1441"]
[Opening "Sicilian: Hungarian variation"]
[ECO "B34"]
[Time "14:00:53"]
[TimeControl "2700+45"]

1. e4 c5 2. Nf3 g6 3. d4 cxd4 4. Nxd4 Bg7 5. Nc3 Nc6 6. Be3 Nf6 7. Nxc6 bxc6 8.
e5 Nh5 9. Be2 Bxe5 10. Bxh5 gxh5 11. Qxh5 Ba6 12. Qxe5 Rg8 13. O-O-O d6 14. Qe4
c5 15. Qc6+ Qd7 16. Qxa8+ {Black resigns} 1-0

[Event "Team 45 45 League T60"]
[Site "Internet Chess Club"]
[Date "2014.03.31"]
[Round "5"]
[White "JeffH"]
[Black "BotanicalKnight"]
[Result "1-0"]
[WhiteElo "1643"]
[BlackElo "1511"]
[Opening "Caro-Kann: exchange, Rubinstein variation"]
[ECO "B13"]
[Time "20:00:24"]
[TimeControl "2700+45"]

1. e4 c6 2. d4 d5 3. exd5 cxd5 4. Bf4 Nc6 5. c3 Nf6 6. Bd3 Bg4 7. Qb3 Qc8 8. Nd2
e6 9. Ngf3 Be7 10. Ne5 Bh5 11. O-O O-O 12. Ndf3 a6 13. Qc2 Bg6 14. Nxg6 hxg6 15.
Rfe1 b5 16. a3 Qb7 17. Ne5 Nxe5 18. dxe5 Nd7 19. Re3 a5 20. Rg3 b4 21. Bxg6 fxg6
22. Qxg6 Rf7 23. Qxe6 Nc5 24. Qg4 Qc8 25. Qg6 Ne4 26. e6 Nxg3 27. Qxf7+ Kh8 28.
hxg3 Bf6 29. e7 bxc3 30. bxc3 Qg8 31. Qh5+ Qh7 32. e8=Q+ Rxe8 33. Qxe8+ {Black
forfeits on time} 1-0